 Seeded DCSS version 0.28-a0-1510-gd0f6b136d3 (webtiles) character file.

Game seed: 20220115 (custom seed)

1932 murtidash the Summoner (level 8, -5/31 HPs)
             Began as a Felid Summoner on Jan 15, 2022.
             Was an Initiate of Gozag.
             Shot with an arrow by a centaur (7 damage)
             ... on level 8 of the Dungeon.
             The game lasted 00:41:26 (11393 turns).

murtidash the Summoner (Felid Summoner)            Turns: 11393, Time: 00:41:27

Health: -5/31      AC:  2    Str:  4    XL:     8   Next: 97%
Magic:  11/15      EV: 17    Int: 21    God:    Gozag
Gold:   768        SH:  0    Dex: 16    Spells: 2/15 levels left
                                        Lives:  0   Deaths: 2

rFire   . . .      SeeInvis +   (weapon unavailable)
rCold   . . .      Faith    .   (shield unavailable)
rNeg    . . .      Spirit   .   (armour unavailable)
rPois   .          Reflect  .   (helmet unavailable)
rElec   .          Harm     .   (cloak unavailable)
rCorr   .          Rampage  .   (gloves unavailable)
Will    +....                   (boots unavailable)
Stlth   ++........              (no amulet)
HPRegen 0.10/turn               (no ring)
MPRegen 0.14/turn               (no ring)

@: gold aura, quick
A: very small, claws 1, fangs 3, see invisible, speed 1, shaggy fur 2, stealthy
paws, no weapons or thrown items, no armour, multi-lived
a: Renounce Religion, Potion Petition, Call Merchant, Bribe Branch


You were on level 8 of the Dungeon.
You worshipped Gozag.
Gozag was pleased with you.
You visited 2 branches of the dungeon, and saw 9 of its levels.

You collected 929 gold pieces.
You spent 88 gold pieces at shops.
You paid 73 gold pieces to Gozag.

Inventory:

Jewellery
 z - a ring of positive energy {rN+}
   (You found it on level 7 of the Dungeon)
Wands
 s - a wand of charming (11)
   (You found it on level 5 of the Dungeon)
 w - a wand of flame (28)
   (You found it on level 6 of the Dungeon)
 x - a wand of digging (3)
   (You found it on level 7 of the Dungeon)
 y - a wand of acid (10)
   (You found it on level 7 of the Dungeon)
 A - a wand of iceblast (12)
   (You found it on level 7 of the Dungeon)
Scrolls
 a - 2 scrolls of vulnerability {!r!r}
 b - 2 scrolls of fog
 c - 2 scrolls of teleportation {unknown}
 d - a scroll of noise {unknown}
 g - a scroll of blinking {unknown}
 j - a scroll of amnesia {unknown}
 l - a scroll of silence {unknown}
 o - a scroll of summoning
 p - a scroll of holy word {unknown}
 t - a scroll of immolation {!r}
 u - a scroll of fear
Potions
 f - 2 potions of mutation {unknown}
 h - 5 potions of heal wounds
 i - 5 potions of magic {unknown}
 m - 3 potions of might {unknown}
 n - a potion of curing
 q - a potion of attraction {unknown}
 r - 4 potions of brilliance {unknown}
 v - a potion of lignification {unknown}


   Skills:
 - Level 2.6 Dodging
 - Level 2.6 Stealth
 - Level 4.0 Spellcasting
 - Level 5.0 Hexes
 + Level 12.5 Summonings
 + Level 6.7 Air Magic


You had 2 spell levels left.
You knew the following spells:

 Your Spells              Type           Power      Damage    Failure   Level
c - Call Canine Familiar  Summ           54%        N/A       1%          3
d - Summon Guardian Gole  Hex/Summ       41%        N/A       1%          3
g - Call Imp              Summ           54%        N/A       1%          2
X - Summon Lightning Spi  Summ/Air       44%        N/A       2%          4
Z - Summon Small Mammal   Summ           100%       N/A       1%          1

Your spell library contained the following spells:

 Spells                   Type           Power      Damage    Failure   Level
 Magic Dart               Conj           16%        1d3       12%         1
 Sandblast                Erth           8%         2d5       12%         1
 Passwall                 Tmut/Erth      3%         N/A       19%         2
 Searing Ray              Conj           8%         2d4       19%         2
 Tukima's Dance           Hex            25%        N/A       4%          3
 Summon Ice Beast         Ice/Summ       30%        N/A       9%          4
 Frozen Ramparts          Ice            8%         1d2       34%         3
 Stone Arrow              Conj/Erth      8%         3d7       34%         3
 Fulminant Prism          Conj/Hex       7%         3d7       38%         4
 Ice Form                 Ice/Tmut       4%         N/A       75%         4
 Passage of Golubria      Tloc           4%         N/A       75%         4
 Yara's Violent Unravell  Hex/Tmut       7%         3d5       75%         5


Dungeon Overview and Level Annotations

Branches:
Dungeon (8/15)             Temple (1/1) D:4
   Lair: D:8-11

Altars:
Ashenzari
Cheibriados
Dithmenos
Elyvilon
Fedhas
Gozag
Hepliaklqana
Kikubaaqudgha
Makhleb
Nemelex Xobeh
Okawaru
Qazlal
Ru
Sif Muna
Trog
Vehumet
Wu Jian
Xom
Yredelemnul
Zin
The Shining One
Jiyva

Shops:
D:2 :   D:3 !   D:6 *   D:7 (   D:8 (


Innate Abilities, Weirdness & Mutations

You have sharp claws.
You have razor-sharp teeth.
You have supernaturally acute eyesight. (SInv)
You cover ground quickly. (Speed+)
You are covered in thick fur. (AC +2)
Your paws help you pounce on unaware monsters.
You are incapable of wielding weapons or throwing items.
You cannot wear armour.
You gain extra lives every three experience levels.


Message History

Orders for allies: a - Attack new target. r - Retreat! s - Stop attacking. g - Guard the area. f - Follow me.
Anything else - Cancel.
Gang up on whom?
Aim: an orc, wielding a +0 hand axe and wearing a +0 scale mail Attack!
The orc hits your guardian golem but does no damage.
The orc hits your guardian golem with a +0 hand axe.
The orc hits your guardian golem but does no damage.
The orc hits your guardian golem but does no damage.
The orc barely misses your guardian golem.
The orc hits your guardian golem but does no damage.
You now have 9/15 mp.
What are your orders? t - Meow!
Orders for allies: a - Attack new target. p - Attack previous target. r - Retreat! s - Stop attacking. g - Guard the area. f - Follow me.
Anything else - Cancel.
Gang up on whom?
Aim: an orc, wielding a +0 hand axe and wearing a +0 scale mail (ally target) Attack!
The orc hits your guardian golem but does no damage.
The orc hits your guardian golem with a +0 hand axe.
The orc hits your guardian golem with a +0 hand axe.
The orc hits your guardian golem but does no damage.
The orc hits your guardian golem but does no damage.
The orc hits your guardian golem with a +0 hand axe.
The orc hits your guardian golem but does no damage.
The orc hits your guardian golem but does no damage.
The orc hits your guardian golem but does no damage.
The orc hits your guardian golem but does no damage.
The orc hits your guardian golem but does no damage.
The orc hits your guardian golem with a +0 hand axe.
The orc hits your guardian golem with a +0 hand axe.
Your guardian golem overheats!
The orc hits your guardian golem but does no damage.
The orc hits your guardian golem but does no damage.
The orc barely misses your guardian golem.
The orc hits your guardian golem but does no damage.
The orc hits your guardian golem but does no damage.
The orc hits your guardian golem but does no damage.
The orc hits your guardian golem but does no damage.
The orc barely misses your guardian golem.
The orc hits your guardian golem with a +0 hand axe.
Flame seeps out of your guardian golem.
Your guardian golem is engulfed in blazing flames.
Flame seeps out of your guardian golem.
Your guardian golem disappears in a puff of smoke!
What are your orders? t - Meow!
Orders for allies: a - Attack new target. p - Attack previous target. r - Retreat! s - Stop attacking. g - Guard the area. f - Follow me.
Anything else - Cancel.
Gang up on whom?
Aim: an orc, wielding a +0 hand axe and wearing a +0 scale mail (ally target) Attack!
The orc closely misses your wolf.
Your wolf bites the orc.
Your wolf bites the orc.
The orc dies!
Your wolf bites the centaur.
What are your orders? t - Meow!
Orders for allies: a - Attack new target. r - Retreat! s - Stop attacking. g - Guard the area. f - Follow me.
Anything else - Cancel.
Gang up on whom?
Aim: a centaur, wielding a +0 shortbow and quivering arrows (moderately wounded, ally target) Attack!
Your wolf bites the centaur but does no damage.
The centaur unwields a +0 shortbow.
The centaur hits your wolf. The centaur closely misses your wolf.
Your wolf barely misses the centaur.
The centaur hits your wolf but does no damage.
The centaur closely misses your wolf.
Your wolf bites the centaur.
The centaur wields a +0 shortbow.
The centaur shoots an arrow.
The arrow hits your wolf!
Your wolf barely misses the centaur.
The centaur shoots an arrow.
The arrow hits your wolf!
Your wolf dies!
Your wolf's corpse disappears in a puff of smoke!
You now have 11/15 mp.
You swap places.
What are your orders? t - Meow!
Orders for allies: a - Attack new target. p - Attack previous target. r - Retreat! s - Stop attacking. g - Guard the area. f - Follow me.
Anything else - Cancel.
Gang up on whom?
Aim: a centaur, wielding a +0 shortbow and quivering arrows (heavily wounded, ally target) Attack!
The centaur shoots an arrow.
The arrow closely misses your warg. The arrow hits you!
* * * LOW HITPOINT WARNING * * *
The centaur shoots an arrow.
The arrow misses your warg. The arrow hits you!
You die...
Your body crumbles into a pile of gold.

.#...########....#
#.### #.# #.
##...............# #$#
#.# #.
##.(..######...## #c#
#.# #. ##.#.# ##.## #.#
#.####. #.#.# #># #.#
#.##... ####.#.# #.#
#.# #.##.## .....#.#
#.# #.# #.##...
####)#.#######.#####c#
#.....#
#............@..h.#
#####.#
#..########.####### #..
#..########.### ###
#.............#
##.########.#.# #.#
#.#.# #####.# #.#.#
...##.########.#.#
...............#.######


You could see a centaur (ally target) and a friendly warg (summoned).

Vanquished Creatures
  A centaur (D:7)
  A centaur zombie (D:7)
  A hound skeleton (D:4)
  3 adders
  2 ball pythons
  2 endoplasms
  2 goblins
  A kobold (D:3)
  2 quokkas
  A frilled lizard (D:2)
  A rat (D:3)
17 creatures vanquished.

Vanquished Creatures (collateral kills)
  A vampire (D:8)
  A wraith (D:7)
  A water moccasin (D:7)
  An orc warrior (D:8)
  4 sky beasts
  2 ice beasts
  A necrophage (D:7)
  An ogre (D:4)
  3 centaurs
  A phantom (D:5)
  A bullfrog (D:6)
  A gnoll sergeant (D:8)
  3 scorpions
  A water moccasin zombie (D:4)
  2 water moccasin skeletons
  A wight (D:6)
  A hound (D:4)
  2 centaur zombies (D:6)
  2 jellies
  An orc priest (D:8)
  A centaur skeleton (D:6)
  2 iguanas
  6 orc wizards
  A hound zombie (D:5)
  A howler monkey zombie (D:4)
  Robin (D:2)
  5 gnolls (D:8)
  8 adders
  A shadow imp (D:7)
  A white imp (D:8)
  An ufetubus (D:5)
  2 worms
  A dart slug (D:1)
  27 orcs
  2 ball pythons
  7 endoplasms
  9 goblins
  13 hobgoblins
  8 jackals
  2 quokkas
  4 bats
  2 frilled lizards
  4 kobolds
  3 rats (D:2)
143 creatures vanquished.

Vanquished Creatures (others)
  A two-headed ogre (D:8)
  A troll (D:6)
  Prince Ribbit (D:6)
  A wraith (D:6)
  An ice beast (D:6)
  An orc warrior (D:8)
  An ogre (D:7)
  A centaur (D:6)
  Blork the orc (D:6)
  A gnoll sergeant (D:8)
  3 wights (D:6)
  A gnoll shaman (D:7)
  5 gnolls
  An orc (D:6)
  A butterfly (Temple)
21 creatures vanquished.

Grand Total: 181 creatures vanquished

Notes
Turn   | Place    | Note
-------+----------+-------------------------------------------
     0 | D:1      | murtidash the Felid Summoner began the quest for the Orb.
     0 | D:1      | Reached XP level 1. HP: 7/7 MP: 4/4
   403 | D:1      | Reached XP level 2. HP: 11/11 MP: 3/6
   406 | D:1      | Learned a level 2 spell: Call Imp
  1316 | D:1      | Found a faded altar of an unknown god.
  1445 | D:2      | Found Ablil's Book Shoppe.
  1598 | D:2      | Reached XP level 3. HP: 10/14 MP: 4/8
  1602 | D:2      | Learned a level 3 spell: Call Canine Familiar
  1833 | D:2      | Reached skill level 3 in Spellcasting
  1837 | D:2      | HP: 2/14 [poisoned by an adder]
  2196 | D:2      | Reached XP level 4. HP: 9/18 MP: 9/9
  2345 | D:2      | Learned a level 3 spell: Summon Guardian Golem
  2553 | D:2      | Noticed Robin
  2567 | D:2      | Killed Robin
  2568 | D:2      | Reached skill level 1 in Hexes
  2568 | D:2      | Reached skill level 5 in Summonings
  3124 | D:3      | Reached skill level 2 in Hexes
  3215 | D:3      | Reached XP level 5. HP: 18/21 MP: 3/10
  3409 | D:3      | Found Hisatyhe's Distillery.
  3454 | D:3      | Bought a potion of heal wounds for 55 gold pieces
  3454 | D:3      | Bought a potion of curing for 33 gold pieces
  3486 | D:3      | Reached skill level 3 in Hexes
  3494 | D:3      | HP: 3/21 [poisoned by an adder]
  3751 | D:3      | Reached skill level 4 in Hexes
  3816 | D:3      | Found an ancient bone altar of Kikubaaqudgha.
  3817 | D:3      | Found a radiant altar of Vehumet.
  3871 | D:3      | Found a faded altar of an unknown god.
  3871 | D:3      | Found a snail-covered altar of Cheibriados.
  3878 | D:3      | Found a white marble altar of Elyvilon.
  3880 | D:3      | Found a faded altar of an unknown god.
  3884 | D:3      | Found a shadowy altar of Dithmenos.
  3888 | D:3      | Became a worshipper of Elyvilon the Healer
  4034 | D:4      | Gained mutation: You are covered in thick fur. (AC +2)
                  | [Felid growth]
  4034 | D:4      | Reached XP level 6. HP: 24/24 MP: 11/11
  4246 | D:4      | Found a staircase to the Ecumenical Temple.
  4257 | Temple   | Entered the Ecumenical Temple
  4370 | D:4      | Reached skill level 6 in Summonings
  4650 | D:4      | Reached * piety under Elyvilon
  5111 | D:4      | Reached skill level 5 in Hexes
  5199 | D:4      | Found a basalt altar of Yredelemnul.
  5411 | D:5      | Entered Level 5 of the Dungeon
  5451 | D:5      | Reached skill level 7 in Summonings
  5521 | D:5      | Reached XP level 7. HP: 27/27 MP: 9/12
  6046 | D:5      | HP: 5/27 [poisoned by a scorpion]
  6068 | D:5      | Reached skill level 8 in Summonings
  6749 | D:6      | Reached skill level 9 in Summonings
  6749 | D:6      | Reached XP level 8. HP: 20/31 MP: 4/13
  6792 | D:6      | Noticed Prince Ribbit
  6834 | D:6      | Reached ** piety under Elyvilon
  6883 | D:6      | Killed Prince Ribbit
  6884 | D:6      | Reached skill level 10 in Summonings
  7028 | D:6      | Learned a level 4 spell: Summon Lightning Spire
  7155 | D:6      | Reached skill level 1 in Air Magic
  7354 | D:6      | HP: 1/30 [wight (6)]
  7360 | D:6      | Reached skill level 4 in Spellcasting
  7360 | D:6      | Reached skill level 2 in Air Magic
  7457 | D:6      | Noticed Blork the orc
  7469 | D:6      | HP: 3/31 [Blork the orc/magic dart (9)]
  7485 | D:6      | Killed Blork the orc
  7579 | D:6      | Noticed a troll
  7591 | D:6      | Killed a troll
  7592 | D:6      | Reached skill level 3 in Air Magic
  7592 | D:6      | Reached XP level 9. HP: 17/34 MP: 13/16
  7922 | D:6      | Reached skill level 11 in Summonings
  7944 | D:6      | Elyvilon protects you from harm!
  7960 | D:6      | Killed from afar by a steam dragon
  7961 | D:6      | Reached XP level 8. HP: -2/31 MP: 13/15
  7977 | D:6      | Found Gozag's Platinum Reserve.
  8186 | D:6      | Found an opulent altar of Gozag.
  8202 | D:6      | Fell from the grace of Elyvilon
  8202 | D:6      | Became a worshipper of Gozag Ym Sagoz the Greedy
  8410 | D:7      | Found Vyckoesa's Weapon Shop.
  8522 | D:7      | Reached skill level 4 in Air Magic
  8712 | D:7      | Found a glowing silver altar of Zin.
  8835 | D:7      | Reached skill level 5 in Air Magic
  8876 | D:7      | Reached XP level 9. HP: 34/34 MP: 10/16
  8973 | D:7      | Found a flagged portal.
  9550 | D:8      | Noticed a two-headed ogre
  9558 | D:8      | Killed a two-headed ogre
  9559 | D:8      | Reached skill level 12 in Summonings
  9559 | D:8      | Reached skill level 6 in Air Magic
  9671 | D:8      | HP: 2/34 [centaur/arrow (10)]
 10196 | D:8      | Found a shimmering altar of Xom.
 10707 | D:8      | Found Tausiarph's Weapon Shop.
 10883 | D:8      | Killed by an exploding themself... ignited by their inner
                  | flame
 10884 | D:8      | Reached XP level 8. HP: -1/31 MP: 15/15
 11029 | D:8      | Found an ornate altar of the Wu Jian Council.
 11393 | D:8      | HP: 2/31 [centaur/arrow (11)]
 11393 | D:8      | Shot with an arrow by a centaur

Illustrated notes

Levels and vault maps discovered:
D:1:      saegor_arrival_fortress, layout_basic, shapermc_ecumenical_altar_petra
D:2:      layout_loops_ring, serial_shops, nicolae_shop_statue_plus,
          minmay_ruptured, uniq_robin
D:3:      layout_rooms, chequers_temple_overflow_minitemple,
          amethyst_overflow_temple_binary, serial_shops, shop
D:4:      nicolae_cairo_tiling_very_big, layout_loops_corners,
          lemuel_zombie_altar_yredelemnul, minmay_temple_entry_butterflies,
          kennysheep_big_empty_room
D:5:      layout_basic
D:6:      layout_rooms, nicolae_gozag_zags_fifth_avenue, uniq_prince_ribbit1,
          uniq_blork_the_orc
D:7:      layout_loops_ring, zin_statuary, serial_shops, shop, enter_bailey_8,
          grunt_ministairs_6
D:8:      layout_loops_ring, overflow_temple_1_default,
          mainiacjoe_overflow_six_doors_small, serial_shops,
          nicolae_diamond_shop, special_room [special_room_orc],
          nzn_life_drinkers
Temple:   pf_slimified_temple

Skill      XL: |  1  2  3  4  5  6  7  8  9 |
---------------+----------------------------+-----
Spellcasting   | 3 4 |  4.0
Hexes          | 2 4 5 |  5.0
Summonings     | 5 7 9 10 12 | 12.5
Air Magic      | 5 6 |  6.7
Dodging        | |  2.6
Stealth        | |  2.6

Action                   |  1- 3 |  4- 6 |  7- 9 || total
-------------------------+-------+-------+-------++-------
Melee: Unarmed           |    30 |    39 |    27 ||    96
       Bite              |     3 |     3 |     4 ||    10
       Punch             |       |     1 |       ||     1
 Cast: Summon Small Mamm |    26 |     6 |     8 ||    40
       Call Imp          |    11 |     7 |       ||    18
       Call Canine Famil |       |    26 |    42 ||    68
       Summon Guardian G |       |       |    43 ||    43
  Use: Potion            |       |     1 |     1 ||     2
       Scroll            |       |       |     6 ||     6
 Stab: Sleeping          |     2 |     2 |       ||     4
       Distracted        |     1 |       |       ||     1
Armor: Skin              |       |     2 |     4 ||     6
Dodge: Dodged            |    31 |    37 |    64 ||   132

Table legend: (Time is in decaauts)
 A = Elapsed time spent in this place.
 B = Non-inter-level travel time spent in this place.
 C = Inter-level travel time spent in this place.
 D = Time resting spent in this place.
 E = Time spent auto-exploring this place.
 F = Levels seen in this place.
 G = Mean time per level.
                   A        B        C        D        E       F      G
               +--------+--------+--------+--------+--------+-----+--------+
         Total |  10235 |   9987 |    248 |    293 |   7320 |   9 | 1137.2 |
       Dungeon |  10151 |   9912 |    239 |    293 |   7258 |   8 | 1268.9 |
        Temple |     84 |     75 |      9 |      0 |     62 |   1 |   84.0 |
               +--------+--------+--------+--------+--------+-----+--------+

Top non-repeatable levels by time:
     D:6: 1540 daAuts
     D:8: 1491 daAuts
     D:2: 1478 daAuts
     D:1: 1279 daAuts
     D:7: 1230 daAuts
     D:4: 1229 daAuts
     D:5: 1069 daAuts
     D:3: 831 daAuts
  Temple: 84 daAuts

Table legend:
 A = Kills in this place as a percentage of kills in entire the game.
 B = Kills by you in this place as a percentage of kills by you in the entire game.
 C = Kills by friends in this place as a percentage of kills by friends in the entire game.
 D = Other kills in this place as a percentage of other kills in the entire game.
 E = Experience gained in this place as a percentage of experience gained in the entire game.
 F = Experience gained in this place divided by the number of levels of this place that you have seen.
                   A       B       C       D       E      F
               +-------+-------+-------+-------+-------+----------------------
         Total | 100.0 | 100.0 | 100.0 | 100.0 | 100.0 | 744.9
       Dungeon | 100.0 | 100.0 | 100.0 | 100.0 | 100.0 | 838.0
               +-------+-------+-------+-------+-------+----------------------
